 Dungeon Crawl Stone Soup version 0.17-a0-737-gf0a300a (webtiles) character file.

201 Ololoev the Cutter (level 6, -5/34 HPs)
             Began as a Kobold Arcane Marksman on Apr 21, 2015.
             Was a Follower of Ashenzari.
             Killed from afar by an orc wizard (6 damage)
             ... with a magic dart
             ... on level 3 of the Dungeon.
             The game lasted 00:09:08 (3703 turns).

Ololoev the Cutter (Kobold Arcane Marksman)         Turns: 3703, Time: 00:09:11

Health: -5/34      AC:  5    Str: 11    XL:     6   Next: 7%
Magic:  7/7        EV: 19    Int: 16    God:    Ashenzari [*.....]
Gold:   82         SH:  0    Dex: 21    Spells: 2 memorised, 4 levels left

rFire  . . .     SeeInvis .     a - +0 dagger (curse)
rCold  . . .     Clarity  .     j - +0 ring mail {rPois}
rNeg   . . .     SustAb   .     (shield restricted)
rPois  +         Gourm    .     (no helmet)
rElec  .         Spirit   .     (no cloak)
rCorr  .         Warding  .     (no gloves)
rMut   .         Stasis   .     (no boots)
MR     .....                    (no amulet)
Stlth  ++........               (no ring)
                                (no ring)

@: brilliant, agile, lethally poisoned (-5 -> -12), not resistant to hostile
enchantments, unstealthy
A: carnivore 3
a: Renounce Religion


Innate Abilities, Weirdness & Mutations

You are small and have problems with some larger weapons.
You are carnivorous and can eat meat at any time.

Inventory:

Hand weapons
 a - a cursed +0 dagger (weapon)
 b - a +0 hand crossbow
Missiles
 c - 41 bolts
Armour
 j - a +0 ring mail of poison resistance (worn)
Scrolls
 m - a scroll of identify {unknown}
 o - a scroll of teleportation {unknown}
Potions
 g - a potion of ambrosia {unknown}
 i - a potion of invisibility {unknown}
 p - a potion of flight
 q - a potion of restore abilities {unknown}
Books
 d - a book of Debilitation

   Spells                             Type                      Level
   a - Corona                         Hexes                        1
   b - Slow                           Hexes                        2
   c - Gell's Gravitas                Hexes/Translocation          3
   d - Inner Flame                    Hexes/Fire                   3
   e - Cause Fear                     Hexes                        4
   f - Leda's Liquefaction            Hexes/Earth                  4
Comestibles
 e - a meat ration
 f - 2 beef jerkies
 k - a royal jelly


   Skills:
 - Level 1.1 Fighting
 + Level 6.9 Short Blades
 - Level 2.7 Crossbows
 - Level 2.4 Dodging
 - Level 1.0 Spellcasting
 - Level 3.0 Hexes


You had 4 spell levels left.
You knew the following spells:

 Your Spells              Type           Power        Failure   Level  Hunger
a - Corona                Hex            ###....      2%          1    ##.....
b - Slow                  Hex            ###.....     3%          2    ###....


You were on level 3 of the Dungeon.
You worshipped Ashenzari.
Ashenzari was aware of your devotion.
You were very full.

You visited 1 branch of the dungeon, and saw 3 of its levels.

You collected 82 gold pieces.

. #### ... ##..##
..... ##....###.....
###.............
#......†{).#.....
#.......@o.......
####........###..#..
######....##.>..##
....##..#####..##
.......## ####
....#.###
........######
....###......# #.###
######.#

Notes
Turn   | Place    | Note
--------------------------------------------------------------
     0 | D:1      | Ololoev, the Kobold Arcane Marksman, began the quest for the Orb.
     0 | D:1      | Reached XP level 1. HP: 12/12 MP: 2/2
   353 | D:2      | Found a shattered altar of Ashenzari.
   360 | D:2      | Became a worshipper of Ashenzari the Shackled
   422 | D:2      | Reached skill level 1 in Short Blades
   593 | D:1      | Reached XP level 2. HP: 9/16 MP: 3/3
   943 | D:1      | Learned a level 2 spell: Slow
  1317 | D:1      | Reached XP level 3. HP: 20/20 MP: 4/4
  1902 | D:2      | Found a white marble altar of Elyvilon.
  2078 | D:2      | Reached skill level 4 in Short Blades
  2176 | D:2      | Reached XP level 4. HP: 25/25 MP: 5/5
  2887 | D:2      | Found a basalt altar of Yredelemnul.
  3074 | D:2      | Reached skill level 5 in Short Blades
  3163 | D:2      | Reached XP level 5. HP: 26/29 MP: 6/6
  3430 | D:3      | Found an iron altar of Okawaru.
  3433 | D:3      | Found a shattered altar of Ashenzari.
  3435 | D:3      | Found a glowing silver altar of Zin.
  3438 | D:3      | Noticed a black bear
  3478 | D:3      | Killed a black bear
  3478 | D:3      | Reached skill level 6 in Short Blades
  3478 | D:3      | Reached XP level 6. HP: 26/34 MP: 7/7
  3700 | D:3      | HP: 1/34 [something (1)]
  3703 | D:3      | Killed from afar by an orc wizard

Dungeon Overview and Level Annotations

Branches:
Dungeon (3/15)

Altars:
Ashenzari
Elyvilon
Okawaru
Yredelemnul
Zin


Message History

You hit something but do no damage.
You feel sick. The orc misses you.
You hit something.
You feel sick. Something hits you but does no damage.
You are more poisoned.
The orc hits you but does no damage.
You closely miss something.
You feel sick. Something hits you but does no damage.
You hit something.
You feel sick. The orc hits you with a dagger.
Your ring mail prevents you from hitting something.
You feel sick. Something hits you.
You hit something but do no damage.
You feel sick. The orc hits you but does no damage.
You miss something.
You feel sick. Something barely misses you. The orc hits you with a dagger.
Drink which item? (? for menu, Esc to quit)
You feel better. Something hits you but does no damage.
The orc hits you but does no damage.
You hit something. Something barely misses you.
You closely miss something. The orc barely misses you.
You hit something.
You hear some strange, mumbled words.
A puff of flame appears from out of thin air!
The puff of flame hits you!
You hit something but do no damage. The orc hits you but does no damage.
Something hits you.
Drink which item? (? for menu, Esc to quit)
It was a potion of poison.
You feel slightly nauseous. The orc barely misses you.
Something hits you but does no damage.
Drink which item? (? for menu, Esc to quit)
It was a potion of agility.
You feel agile all of a sudden. The orc misses you.
Something hits you but does no damage.
You are lethally poisoned!
Drink which item? (? for menu, Esc to quit)
It was a potion of brilliance.
You feel clever all of a sudden.
You feel sick. The orc misses you.
You hear some strange, mumbled words.
A magic dart appears from out of thin air!
The magic dart hits you!
You die...

You could see an orc.

Vanquished Creatures
  A black bear (D:3)
  4 adders (D:2)
  3 oozes
  A giant gecko (D:1)
  An orc (D:3)
  3 bats
  6 giant cockroaches
  6 goblins
  11 hobgoblins
  2 quokkas (D:2)
  3 ball pythons (D:2)
  12 giant newts
  7 kobolds
  2 rats (D:1)
62 creatures vanquished.

Action                   |  1- 3 |  4- 6 || total
-------------------------+-------+-------++-------
Melee: Dagger            |   217 |   263 ||   480
       Unarmed           |    18 |       ||    18
  Use: Potion            |     2 |     6 ||     8
  Eat: Chunk             |    13 |     4 ||    17

Vault maps used:
D:1:      lightli_molten_gateway, minmay_lizard_king
D:2:      old_standard_altar, yredelemnul_altar_generic, first_bread,
          evilmike_ruin_ashenzari
D:3:      lemuel_round_altar, nicolae_overflow_hidden_temple
